 Dungeon Crawl Stone Soup version 0.21.1-1-g345015f (webtiles) character file.

446 Falco the Chopper (level 6, -2/56 HPs)
             Began as a Deep Dwarf Fighter on May 10, 2018.
             Killed by divine providence
             ... invoked by an orc priest
              (11 damage)
             ... on level 4 of the Dungeon.
             The game lasted 00:12:46 (2279 turns).

Falco the Chopper (Deep Dwarf Fighter)              Turns: 2279, Time: 00:12:48

Health: -2/56      AC:  8    Str: 20    XL:     6   Next: 73%
Magic:  3/3        EV:  8    Int:  9    God:
Gold:   180        SH: 11    Dex: 13    Spells: 5/5 levels left

rFire    . . .     SeeInvis +   a - +0 war axe
rCold    . . .     Gourm    .   c - +1 shield
rNeg     . . .     Faith    .   b - +1 scale mail
rPois    .         Spirit   .   (no helmet)
rElec    .         Reflect  .   (no cloak)
rCorr    .         Harm     .   (no gloves)
MR       .....                  (no boots)
Stlth    ..........             (no amulet)
HPRegen  0.00/turn              e - ring of flight
MPRegen  0.08/turn              k - ring of see invisible

@: non-regenerating
A: damage resistance, heal wounds, sense surroundings 1, no regeneration
a: Heal Wounds, Evoke Flight


You were on level 4 of the Dungeon.
You were not hungry.

You visited 1 branch of the dungeon, and saw 4 of its levels.

You collected 180 gold pieces.

Inventory:

Hand Weapons
 a - a +0 war axe (weapon)
Missiles
 o - 35 poisoned needles
 s - 2 tomahawks (quivered)
Armour
 b - a +1 scale mail (worn)
 c - a +1 shield (worn)
 w - a +3 leather armour of fire resistance
Jewellery
 e - a ring of flight (left hand)
 k - a ring of see invisible (right hand)
 p - an uncursed amulet of regeneration
Wands
 n - a wand of clouds (3)
Scrolls
 g - a scroll of blinking {unknown}
 i - a scroll of remove curse {unknown}
 j - a scroll of magic mapping {unknown}
 t - a scroll of fog {unknown}
 u - a scroll of teleportation {unknown}
 v - a scroll of random uselessness {unknown}
 x - a scroll of identify
Potions
 d - 2 potions of might
 h - a potion of mutation {unknown}
 l - 2 potions of curing
 m - 2 potions of agility
 q - a potion of invisibility
 r - a potion of heal wounds {unknown}
Comestibles
 f - 3 rations


   Skills:
 + Level 3.6 Fighting
 + Level 5.1 Axes
 + Level 4.8 Armour
 + Level 1.6 Dodging
 + Level 0.1 Stealth
 + Level 4.7 Shields


You had 5 spell levels left.
You didn't know any spells.

Dungeon Overview and Level Annotations

Branches:
Dungeon (4/15)
 Temple: D:4-7

Altars:
Nemelex Xobeh
Vehumet
The Shining One


Innate Abilities, Weirdness & Mutations

You are resistant to damage.
You can heal yourself by infusing magical energy.
You passively map a small area around you.
You do not regenerate.


Message History

The orc wizard is almost dead.
Your shield and scale mail prevent you from hitting the quokka.
The quokka bites you.
The orc wizard hits you but does no damage.
The quokka barely misses you.
Your shield prevents you from hitting the orc wizard.
The orc wizard is almost dead.
You miss the quokka.
The orc wizard points at you and mumbles some strange words.
The puff of frost hits you!
* * * LOW HITPOINT WARNING * * *
The quokka closely misses you.
The orc wizard hits you but does no damage.
You slash the orc wizard!
You kill the orc wizard!
You slash the quokka!
You kill the quokka!
The orc priest calls down the wrath of Beogh upon you.
Beogh smites you!
You die...

........#######
*,*
*###...........#
, #...#.#####.#
** ........# #.#
* , ........#
#.# , #.......#
#.#
###...#.#####.#
#...#..†....# ,
######.#@#### *
#)# ,, *, *, #o#
* * *, .o. * *
,... * ,
#...#,*, ,, # ,
* * * ##.## , .
* #.# , , ,, .
,* *


You could see an orc priest and an orc.

Vanquished Creatures
  Sigmund (D:2)
  An orc priest (D:2)
  An orc wizard (D:4)
  Ijyb (D:4)
  A worker ant (D:4)
  A gnoll (D:1)
  8 adders
  An ooze (D:1)
  3 worms
  2 dart slugs (D:1)
  5 leopard geckos
  8 orcs
  6 bats
  3 giant cockroaches
  7 goblins
  6 hobgoblins
  5 jackals
  2 quokkas (D:4)
  8 frilled lizards
  11 kobolds
  A leopard gecko skeleton (D:4)
  8 rats
90 creatures vanquished.

Vanquished Creatures (others)
  A rat (D:2)
1 creature vanquished.

Grand Total: 91 creatures vanquished

Notes
Turn   | Place    | Note
-------+----------+-------------------------------------------
     0 | D:1      | Falco the Deep Dwarf Fighter began the quest for the Orb.
     0 | D:1      | Reached XP level 1. HP: 20/20 MP: 1/1
    51 | D:1      | Reached XP level 2. HP: 17/27 MP: 2/2
   152 | D:1      | You fall through a shaft!
   152 | D:2      | Found a sparkling altar of Nemelex Xobeh.
   218 | D:2      | Reached XP level 3. HP: 20/34 MP: 3/3
   284 | D:2      | Reached skill level 3 in Axes
   325 | D:2      | Reached XP level 4. HP: 24/42 MP: 3/3
   860 | D:2      | Found a glowing golden altar of the Shining One.
   955 | D:2      | Reached skill level 1 in Dodging
  1016 | D:2      | Noticed Sigmund
  1045 | D:2      | Killed Sigmund
  1045 | D:2      | Reached skill level 4 in Axes
  1045 | D:2      | Reached XP level 5. HP: 46/49 MP: 3/3
  1045 | D:2      | Reached XP level 6. HP: 52/56 MP: 4/4
  1350 | D:2      | Found a radiant altar of Vehumet.
  1573 | D:3      | Found a faded altar of an unknown god.
  2031 | D:4      | Noticed Ijyb
  2043 | D:4      | Killed Ijyb
  2095 | D:4      | Reached skill level 5 in Axes
  2279 | D:4      | Killed from afar by an orc priest

Skill      XL: |  1  2  3  4  5  6 |
---------------+-------------------+-----
Fighting       | 3 |  3.6
Axes           | 3 4 5 |  5.1
Shields        | 4 |  4.7
Dodging        | 1 |  1.6
Armour         | 4 |  4.8
Stealth        | |  0.1

Action                   |  1- 3 |  4- 6 || total
-------------------------+-------+-------++-------
Melee: War axe           |    98 |   209 ||   307
 Abil: Heal Wounds       |     1 |     7 ||     8
  Use: Scroll            |       |     8 ||     8
  Eat: Ration            |       |     2 ||     2
Armor: Scale mail        |    46 |    93 ||   139
Dodge: Dodged            |    32 |    51 ||    83
Block: Shield            |    69 |   109 ||   178
